 Dungeon Crawl Stone Soup version 0.21-a0-426-g98080a9 (webtiles) character file.

130 mastercheaf21 the Sneak (level 5, -3/34 HPs)
             Began as an Octopode Assassin on Nov 7, 2017.
             Killed by nerve-wracking pain
             ... invoked by an orc priest
              (7 damage)
             ... on level 3 of the Dungeon.
             The game lasted 00:09:30 (2399 turns).

mastercheaf21 the Sneak (Octopode Assassin)         Turns: 2399, Time: 00:09:31

Health: -3/34      AC:  1    Str: 16    XL:     5   Next: 13%
Magic:  5/5        EV: 13    Int: 13    God:
Gold:   129        SH:  2    Dex: 15    Spells: 4/4 levels left

rFire    . . .     SeeInvis .   n - +0 dagger (curse)
rCold    . . .     Gourm    .   (no shield)
rNeg     . . .     Faith    .   (helmet restricted)
rPois    .         Spirit   .   o - +2 amulet of reflection
rElec    .         Reflect  +   i - +6 ring of strength
rCorr    .         Harm     .   (no ring)
MR       .....                  (no ring)
Stlth    +++++.....             (no ring)
HPRegen  0.11/turn              (no ring)
MPRegen  0.09/turn              (no ring)
                                (no ring)
                                (no ring)

@: no status effects
A: almost no armour, stealthy swim, amphibious, 8 rings, constrict 8, camouflage
1, gelatinous body 1
a: no special abilities


You were on level 3 of the Dungeon.
You were not hungry.

You visited 1 branch of the dungeon, and saw 3 of its levels.

You collected 129 gold pieces.

Inventory:

Hand Weapons
 a - a +2 dagger
 b - a +0 blowgun
 k - a +0 dagger
 n - a cursed +0 dagger (weapon)
 p - a +2 dagger of protection
Missiles
 c - 25 poisoned needles
 d - 2 curare-tipped needles
Armour
 s - a +2 cloak
Jewellery
 i - a +6 ring of strength (left tentacle)
 o - a +2 amulet of reflection (around mantle)
Scrolls
 e - 6 scrolls of identify {unknown}
Potions
 h - a potion of resistance {unknown}
 j - a potion of lignification {unknown}
 l - a potion of agility {unknown}
 m - 3 potions of haste {unknown}
Comestibles
 f - a bread ration
 g - a royal jelly
 q - 4 fruits


   Skills:
 - Level 2.0 Fighting
 + Level 3.1 Short Blades
 - Level 2.0 Throwing
 + Level 1.5 Dodging
 + Level 7.7 Stealth


You had 4 spell levels left.
You didn't know any spells.

Dungeon Overview and Level Annotations

Branches:
Dungeon (3/15)

Altars:


Innate Abilities, Weirdness & Mutations

You cannot wear most types of armour.
You are very stealthy in the water. (Stealth+)
You are amphibious.
You can wear up to eight rings at the same time.
You can use your tentacles to constrict eight enemies at once.
Your skin changes colour to match your surroundings (Stealth+).
Your rubbery body absorbs attacks. (AC +1, EV +1)


Message History

You kill the orc!
The orc barely misses you. The orc misses you.
The orc hits you with a hand axe. The orc closely misses you.
You barely miss the orc. You grab the orc.
The orc is heavily wounded.
You constrict the orc.
You kill the orc!
The orc priest calls down the wrath of Beogh upon you.
Beogh smites you!
* * * LOW HITPOINT WARNING * * *
The orc misses you. The orc priest hits you with a club.
* * * LOW HITPOINT WARNING * * *
Things that are here:
a hand axe; an orc corpse A hobgoblin opens the door.
You see here 14 bolts.
The orc priest invokes the aid of Beogh against you.
Pain shoots through your body!
You die...

.....#### ........#
..).#.############ #####
....#............. ....
....#.####.####.####.####
....#.#..'.'.(#.#..'.+..#
#.###.#..#.#..#.#..#.#[.# #
#.#
#.#'##.#+##.#'##.#'##.#+##.
#.#
#...........@(oo.g.........
..#
#.#'##.#'##.#'##.#'##.#+##.
### #.#..#.#..#.#..#.# .# #
#.#.⌠#.#..+.+.(#.# +
#.####.####.####.#
#.................
##################


You could see an orc priest, an orc and a hobgoblin.

Vanquished Creatures
  Crazy Yiuf (D:2)
  3 adders (D:2)
  A worm (D:3)
  4 dart slugs
  4 leopard geckos
  2 orcs (D:3)
  7 bats
  4 goblins
  8 hobgoblins
  2 jackals (D:1)
  A quokka (D:2)
  6 frilled lizards
  11 kobolds
  3 rats (D:1)
57 creatures vanquished.

Notes
Turn   | Place    | Note
-------+----------+-------------------------------------------
     0 | D:1      | mastercheaf21 the Octopode Assassin began the quest for the Orb.
     0 | D:1      | Reached XP level 1. HP: 14/14 MP: 1/1
    90 | D:1      | Reached XP level 2. HP: 8/19 MP: 2/2
   329 | D:1      | Reached skill level 6 in Stealth
   675 | D:1      | Reached XP level 3. HP: 24/24 MP: 3/3
  1592 | D:2      | Found a runed door.
  1596 | D:2      | Noticed Crazy Yiuf
  1600 | D:2      | Killed Crazy Yiuf
  1600 | D:2      | Reached skill level 7 in Stealth
  1600 | D:2      | Reached XP level 4. HP: 29/29 MP: 4/4
  2106 | D:2      | Reached XP level 5. HP: 28/34 MP: 5/5
  2399 | D:3      | Killed from afar by an orc priest

Vault maps used:
D:1:      dpeg_arrival_arbitrary_b, corner_web_ring,
          minmay_misc_feat_more_columns, minmay_crystal_water
D:2:      first_bread, uniq_crazy_yiuf_cottage
D:3:      minmay_door_path

Skill      XL: |  1  2  3  4 |
---------------+-------------+-----
Stealth        | 6 7 |  7.7
Short Blades   | 3 |  3.1
Fighting       | |  2.0
Throwing       | |  2.0
Dodging        | |  1.5

Action                   |  1- 3 |  4- 6 || total
-------------------------+-------+-------++-------
Melee: Dagger            |    61 |    45 ||   106
       Constrict         |    18 |     9 ||    27
       Tentacles         |     8 |     5 ||    13
  Use: Scroll            |       |     3 ||     3
 Stab: Sleeping          |    12 |    12 ||    24
       Distracted        |     1 |       ||     1
  Eat: Bread ration      |     1 |       ||     1
Armor: Skin              |    12 |       ||    12
Dodge: Dodged            |    42 |    22 ||    64

Table legend:
 A = Spawn XP
 B = Non-spawn XP
 C = Spawn XP percentage of total XP
 D = Spawn monster count
 E = Non-spawn monster count
 F = Spawn count percentage of total count
 G = Total turns spent on level
                    A         B        C        D         E        F      G
               +---------+---------+-------+---------+---------+-------+---------
         Total |       0 |     186 |   0.0 |       0 |      57 |   0.0 |  2399
               +---------+---------+-------+---------+---------+-------+---------
           D:1 |       0 |      51 |   0.0 |       0 |      30 |   0.0 |  1507
           D:2 |       0 |     121 |   0.0 |       0 |      23 |   0.0 |   707
           D:3 |       0 |      14 |   0.0 |       0 |       4 |   0.0 |   185
               +---------+---------+-------+---------+---------+-------+---------
